 Dungeon Crawl Stone Soup version 0.29.0-5-ge4962eb29e (webtiles) character file.

Game seed: 2558631260865778320

114655 ntrailstourney the Fighter (level 15, -10/132 HPs)
             Began as a Demigod Ice Elementalist on Aug 27, 2022.
             Mangled by a jumping spider (12 damage)
             ... on level 1 of the Spider Nest on Aug 28, 2022.
             The game lasted 03:11:42 (37380 turns).

ntrailstourney the Fighter (DgIE)                  Turns: 37380, Time: 03:11:43

Health: -10/132    AC: 14    Str: 21    XL:     15   Next: 69%
Magic:  28/53      EV:  7    Int: 44    God:
Gold:   2009       SH:  0    Dex: 14    Spells: 7/36 levels left

rFire   . . .      SeeInvis .   y - +10 halberd of Kumelou {spect, MP+9 Str+4 Int+3}
rCold   . . .      Faith    .   (shield currently unavailable)
rNeg    . . .      Spirit   .   T - +3 leather armour "Lexteg" {Drain rPois Will+ Int+2}
rPois   +          Reflect  .   L - +0 helmet
rElec   .          Harm     .   o - +0 cloak {Stlth+}
rCorr   .          Rampage  .   O - +0 pair of gloves
Will    ++...                   l - +2 pair of boots {Fly}
Stlth   +++.......              K - amulet "Sotupsa" {Acrobat Int+4}
HPRegen 0.32/turn               I - +6 ring of intelligence
MPRegen 0.33/turn               W - ring of magical power

@: freezing walls, flying, held, slowed, studying 2 skills, very slow
A: high MP 1, forlorn, divine attributes
a: no special abilities


You were on level 1 of the Spider Nest.
You visited 4 branches of the dungeon, and saw 23 of its levels.
You also visited: Bailey.

You collected 3559 gold pieces.
You spent 1550 gold pieces at shops.


Innate Abilities, Weirdness & Mutations

You have an increased reservoir of magic. (+10% MP)
You shall have no god before yourself.
Your divine heritage dramatically boosts your attributes as you level up.


   Skills:
 - Level 12.0 Fighting
 - Level 7.0 Armour
 - Level 7.0 Dodging
 - Level 2.0 Stealth
 + Level 11.0 Spellcasting
 - Level 10.0 Conjurations
 - Level 6.0 Necromancy
 + Level 0.2 Translocations
 - Level 8.0 Ice Magic
 - Level 10.0 Air Magic
 * Level 10.1 Earth Magic
 - Level 6.0 Poison Magic
 - Level 5.0 Evocations


You had 7 spell levels left.
You knew the following spells:

 Your Spells              Type           Power      Damage    Failure   Level
b - Borgnjor's Vile Clut  Necr/Erth      38%        N/A       1%          5
f - Freeze                Ice            100%       1d11      1%          1
i - Iron Shot             Conj/Erth      42%        9d8       3%          6
l - Lightning Bolt        Conj/Air       42%        1d61      1%          5
o - Ozocubu's Armour      Ice            76%        N/A       1%          3
r - Frozen Ramparts       Ice            100%       1d16      1%          3
t - Olgreb's Toxic Radia  Pois           67%        N/A       1%          4
B - Blink                 Tloc           52%        N/A       1%          2

Your spell library contained the following spells:

 Spells                   Type           Power      Damage    Failure   Level
 Apportation              Tloc           52%        N/A       1%          1
 Sting                    Tmut/Pois      100%       1d8       1%          1
 Ensorcelled Hibernation  Hex/Ice        100%       N/A       1%          2
 Poisonous Vapours        Pois/Air       100%       N/A       1%          2
 Static Discharge         Conj/Air       84%        3-14/arc  1%          2
 Animate Dead             Necr           67%        N/A       1%          4
 Corpse Rot               Necr/Pois/Air  73%        N/A       1%          4
 Hailstorm                Conj/Ice       80%        3d16      1%          4
 Petrify                  Tmut/Erth      62%        N/A       1%          4
 Iskenderun's Battlesphe  Conj           84%        2d13      1%          5
 Gell's Gravitas          Tloc           26%        N/A       3%          3
 Lesser Beckoning         Tloc           26%        N/A       3%          3
 Teleport Other           Tloc           26%        N/A       3%          3
 Inner Flame              Hex/Fire       24%        N/A       4%          3
 Portal Projectile        Hex/Tloc       50%        N/A       4%          3
 Anguish                  Hex/Necr       25%        N/A       4%          4
 Metabolic Englaciation   Hex/Ice        28%        N/A       8%          5
 Alistair's Intoxication  Tmut/Pois      33%        N/A       11%         5
 Death Channel            Necr           33%        N/A       19%         6
 Statue Form              Tmut/Erth      41%        N/A       26%         6
 Manifold Assault         Tloc           26%        N/A       34%         5
 Yara's Violent Unravell  Hex/Tmut       12%        3d7       36%         5
 Spellforged Servitor     Conj/Summ      31%        N/A       83%         7
 Maxwell's Capacitive Co  Air            42%        ∞         83%         8

Inventory:

Hand Weapons
 h - the +6 trident "Femaujem" {protect, Drain rC+ Str+5}
   (You took it off Kirke on level 4 of the Lair of Beasts)

   It grants its wielder temporary protection when it strikes (+7 to AC).
   Str:       It affects your strength (+5).
   rC:        It protects you from cold.
   Drain:     It drains your maximum health when unequipped.
 y - the +10 halberd of Kumelou (weapon) {spect, MP+9 Str+4 Int+3}
   (You took it off an orc on level 10 of the Dungeon)

   When its wielder attacks, the weapon's spirit leaps out and strikes again.
   The spirit shares a part of any damage it takes with its wielder.
   Str:       It affects your strength (+4).
   Int:       It affects your intelligence (+3).
   MP:        It affects your magic capacity (+9).
Missiles
 j - a curare-tipped dart {=f}
 A - 15 javelins
 H - 4 throwing nets {=f!f}
Armour
 l - a +2 pair of boots of flying (worn)
   (You found it in a bailey)
 o - a +0 cloak of stealth (worn)
   (You took it off Crazy Yiuf on level 2 of the Dungeon)
 s - a +0 buckler
   (You found it on level 2 of the Lair of Beasts)
 E - the +10 tower shield of Ignorance {rN+ Int-4}
   (You found it on level 11 of the Dungeon)

   Int:       It affects your intelligence (-4).
   rN:        It protects you from negative energy.
 L - a +0 helmet (worn)
   (You found it on level 5 of the Dungeon)
 O - a +0 pair of gloves (worn)
   (You found it on level 2 of the Lair of Beasts)
 T - the +3 leather armour "Lexteg" (worn) {Drain rPois Will+ Int+2}
   (You found it on level 2 of the Lair of Beasts)

   Int:       It affects your intelligence (+2).
   rPois:     It protects you from poison.
   Drain:     It drains your maximum health when unequipped.
   Will:      It increases your willpower.
Magical Staves
 S - a staff of cold {!a}
   (You took it off Fannar on level 1 of the Lair of Beasts)
Jewellery
 v - a ring of see invisible
   (You found it on level 7 of the Dungeon)
 I - a +6 ring of intelligence (left hand)
   (You found it on level 1 of the Dungeon)
 K - the amulet "Sotupsa" (around neck) {Acrobat Int+4}
   (You took it off a kobold in a bailey)

   [amulet of the acrobat]

   It increases your evasion while moving and waiting.
   Int:       It affects your intelligence (+4).
 W - a ring of magical power (right hand)
   (You took it off an orc priest on level 7 of the Dungeon)
 Z - a ring of wizardry
   (You found it on level 6 of the Dungeon)
Wands
 t - a wand of flame (26)
   (You found it on level 6 of the Dungeon)
 z - a wand of paralysis (3)
   (You found it on level 9 of the Dungeon)
 B - a wand of roots (15)
   (You found it on level 4 of the Dungeon)
 Y - a wand of acid (16)
   (You found it on level 9 of the Dungeon)
Scrolls
 a - 3 scrolls of summoning
 d - a scroll of silence {!r}
 e - a scroll of magic mapping {!r}
 f - a scroll of blinking {!r}
 r - 4 scrolls of amnesia
 u - a scroll of torment {unknown}
 w - 3 scrolls of enchant weapon
 x - 2 scrolls of vulnerability {!r!r}
 C - 4 scrolls of poison {!r}
 G - a scroll of immolation {!r!r}
 J - 11 scrolls of teleportation {@r4}
 M - a scroll of butterflies
 Q - 3 scrolls of enchant armour
 V - a scroll of fear
 X - a scroll of brand weapon {unknown}
Potions
 b - a potion of magic
 c - 11 potions of curing {@q1}
 g - 5 potions of attraction {!q}
 m - 7 potions of brilliance
 n - 2 potions of resistance
 p - a potion of invisibility
 q - 3 potions of haste {@q3}
 D - 2 potions of lignification {!q}
 N - a potion of ambrosia
 P - 4 potions of cancellation
 R - 3 potions of mutation {!q}
 U - 6 potions of might
Miscellaneous
 k - a lightning rod (4/4)
   (You found it in a bailey)
 F - a phantom mirror
   (You found it on level 3 of the Lair of Beasts)

Dungeon Overview and Level Annotations

Branches:
Dungeon (15/15) Zot: 25505  Temple (0/1) D:7            Lair (5/5) D:10 Zot: 19532
 Shoals (0/4) Lair:2       Spider (1/4) Lair:3 Zot: 5989   Slime (0/5) Lair:5
    Orc (2/2) D:9 Zot: 8400     Elf (0/3) Orc:2        Vaults (0/5) D:13
 Depths (0/4) D:15         Bailey (visited)

Shops:
D:4 :   Orc:1 [   Orc:2 *[[*=

Annotations:
D:9 1 runed translucent door
Lair:5 1 runed translucent door

#.... . ....s
s# # .#.#ws #.
.. ....#. ..
... ..>.###.
... ..... ..#
#.s#...#
#@s..w#
.......ss.#....
..#..^....... .
#>.#.##.#...#
#.. .. ....#..
.# .s# .s#.s.#
... ... ..#
.#.# #..s.#.


You could see a steelbarb worm, a torpor snail (fleeing), 3 demonic crawlers, 2
wolf spiders, an orb spider (fleeing), a culicivora (fleeing, very poisoned), a
jumping spider and 3 redbacks.


Message History

* * * LOW HITPOINT WARNING * * *
The culicivora draws strength from your injuries!
The wolf spider hits you but does no damage.
The wolf spider barely misses you.
The wall freezes the wolf spider but does no damage.
The wolf spider barely misses you. The wolf spider bites you.
* * * LOW HITPOINT WARNING * * *
The wall freezes the demonic crawler but does no damage.
The demonic crawler barely misses you. The demonic crawler hits you.
* * * LOW HITPOINT WARNING * * *
The demonic crawler hits you.
* * * LOW HITPOINT WARNING * * *
The wall freezes the demonic crawler but does no damage.
The demonic crawler shrieks in warning!
You hear a skittering sound.
You hear a faint skittering sound. x3 😨 HP[-50] MP[-4]
You take 50 damage, and now have 44/132 hp.
MASSIVE DAMAGE!! (PAUSE)
You lost 4 mp, and now have 27/53 mp.
Unknown command.
As you read the scroll of fear, it crumbles to dust.
You assume a fearsome visage.
The orb spider looks frightened! x2
The demonic crawler easily resists.
The torpor snail looks frightened!
The demonic crawler looks frightened!
The culicivora looks frightened!
The redback looks frightened!
The wolf spider looks frightened!
The jumping spider looks frightened!
The demonic crawler resists with almost no effort.
The redback looks frightened!
The wolf spider looks frightened!
The torpor snail looks more healthy.
The wall freezes the jumping spider!
Your attack snaps the jumping spider out of its fear.
The jumping spider leaps!
The wall freezes the redback!
Your attack snaps the redback out of its fear.
The wall freezes the culicivora.
Your attack snaps the culicivora out of its fear.
The wall freezes the wolf spider.
Your attack snaps the wolf spider out of its fear.
The demonic crawler completely resists.
The wall freezes the demonic crawler but does no damage.
The demonic crawler resists.
The wall freezes the demonic crawler.
The demonic crawler hits you but does no damage. x2
The demonic crawler hits you.
* * * LOW HITPOINT WARNING * * *
The wall freezes the torpor snail!
Your attack snaps the torpor snail out of its fear.
A steelbarb worm comes into view.
The demonic crawler hits you!
* * * LOW HITPOINT WARNING * * *
The demonic crawler hits you.
* * * LOW HITPOINT WARNING * * *
The demonic crawler hits you.
* * * LOW HITPOINT WARNING * * *
The demonic crawler resists.
The wall freezes the demonic crawler.
Your attack snaps the demonic crawler out of its fear.
The demonic crawler shrieks in warning!
The demonic crawler resists.
The wall freezes the demonic crawler.
The demonic crawler hits you but does no damage.
The demonic crawler hits you!
* * * LOW HITPOINT WARNING * * *
The demonic crawler hits you but does no damage.
You hear a faint skittering sound. x2; You hear an angry buzzing noise.
You hear a faint skittering sound. x2 😱 HP[-23]
You take 23 damage, and now have 21/132 hp.
Unknown command.
You feel much better.
The demonic crawler hits you but does no damage.
The demonic crawler hits you.
* * * LOW HITPOINT WARNING * * *
The demonic crawler hits you!
* * * LOW HITPOINT WARNING * * *
The demonic crawler resists.
The wall freezes the demonic crawler.
A redback comes into view.
The demonic crawler completely resists.
The wall freezes the demonic crawler but does no damage.
The demonic crawler hits you.
* * * LOW HITPOINT WARNING * * *
The demonic crawler hits you.
* * * LOW HITPOINT WARNING * * *
The demonic crawler barely misses you.
The jumping spider leaps!
The demonic crawler resists.
The wall freezes the demonic crawler.
The demonic crawler hits you.
* * * LOW HITPOINT WARNING * * *
The demonic crawler hits you.
* * * LOW HITPOINT WARNING * * *
The demonic crawler hits you!
* * * LOW HITPOINT WARNING * * *
The demonic crawler hits you!
* * * LOW HITPOINT WARNING * * *
The demonic crawler hits you.
* * * LOW HITPOINT WARNING * * *
The demonic crawler barely misses you.
The wall freezes the demonic crawler but does no damage.
The demonic crawler closely misses you.
The demonic crawler hits you but does no damage.
The demonic crawler hits you.
* * * LOW HITPOINT WARNING * * *
The jumping spider is healed somewhat.
The wall freezes the jumping spider but does no damage.
The jumping spider pounces on you!
You die...

Skill      XL: |  1  2  3  4  5  6  7  8  9 10 11 12 13 14 15 |
---------------+----------------------------------------------+-----
Stealth        | 2 |  2.0
Dodging        | 2 3 5 7 |  7.0
Spellcasting   | 2 3 4 5 6 11 | 11.0
Fighting       | 1 2 3 4 6 7 10 11 12 | 12.0
Ice Magic      | 4 5 7 8 |  8.0
Armour         | 1 2 4 5 7 |  7.0
Conjurations   | 3 5 8 9 10 | 10.0
Evocations     | 4 5 |  5.0
Air Magic      | 2 6 8 9 10 | 10.0
Necromancy     | 2 5 6 |  6.0
Earth Magic    | 2 7 10 | 10.1
Poison Magic   | 6 |  6.0
Translocations | |  0.2

Action                   |  1- 3 |  4- 6 |  7- 9 | 10-12 | 13-15 || total
-------------------------+-------+-------+-------+-------+-------++-------
Melee: Unarmed           |     2 |       |       |       |       ||     2
       Quarterstaff      |       |     2 |    60 |     7 |       ||    69
       Halberd           |       |       |       |    94 |   338 ||   432
Throw: Stone             |       |       |     6 |       |       ||     6
       Dart              |       |       |     1 |     3 |     1 ||     5
 Cast: Freeze            |    55 |    65 |    74 |    48 |    13 ||   255
       Frozen Ramparts   |       |     9 |    27 |    82 |    81 ||   199
       Ozocubu's Armour  |       |     4 |    18 |    39 |    37 ||    98
       Hailstorm         |       |       |    20 |    47 |    26 ||    93
       Lightning Bolt    |       |       |       |    69 |   284 ||   353
       Borgnjor's Vile C |       |       |       |       |    72 ||    72
       Iron Shot         |       |       |       |       |    42 ||    42
       Olgreb's Toxic Ra |       |       |       |       |     3 ||     3
Evoke: Wand              |       |       |     4 |    28 |    26 ||    58
       Lightning rod     |       |       |       |     4 |       ||     4
       Phantom mirror    |       |       |       |       |     1 ||     1
  Use: Scroll            |       |       |     5 |    10 |    14 ||    29
       Potion            |       |       |       |    16 |     7 ||    23
 Stab: Paralysed         |       |       |       |     1 |       ||     1
       Distracted        |       |       |       |     1 |     5 ||     6
       Invisible         |       |       |       |       |     1 ||     1
       Sleeping          |       |       |       |       |     1 ||     1
Armor: Robe              |     4 |       |       |       |       ||     4
       Leather armour    |       |    13 |    90 |   229 |   234 ||   566
Dodge: Dodged            |    22 |    36 |    61 |   465 |   445 ||  1029

Levels and vault maps discovered:
D:1:      dpeg_arrival_chambers_temple_mockup, layout_basic, minmay_tromino_i2
D:2:      layout_basic, uniq_crazy_yiuf_cottage
D:3:      layout_basic
D:4:      layout_loops_ring, ebering_ghost_rock_garden, nicolae_shop_self_help
D:5:      layout_layer_cave, gup_sewer_entry_spiral, uniq_pikel
D:6:      layout_basic, kennysheep_small_circle, uniq_duvessa
D:7:      wad_woods_pond, layout_basic, minmay_temple_entry_grid
D:8:      layout_loops_ring, nicolae_sif_muna_condensation, gammafunk_ghost_hive
D:9:      layout_irregular_city, david_orc_1_choice, enter_bailey_3,
          corexii_hall_statues_x, minmay_statue_crystal_thing, uniq_joseph
D:10:     layout_layer_cave, david_lair_shrubbed, minmay_radiant
D:11:     layout_gridville, serial_undead, serial_undead_e, serial_undead_f,
          serial_undead_d, serial_undead_a, serial_undead_a, serial_undead_c,
          serial_undead_f, serial_undead_c, serial_undead_f, serial_undead_a,
          minmay_mirror_moons_of_madness, uniq_harold
D:12:     layout_rooms, hangedman_cracks_in_the_wall
D:13:     layout_roguey, david_vaults_3, kennysheep_four_rooms
D:14:     layout_basic
D:15:     gammafunk_depths_entry_grave, layout_rooms,
          pdpol_wu_jian_five_deadly_venoms, uniq_josephine
Lair:1:   layout_regular_city, dreamdust_deal_with_the_devil, disabler_island,
          grunt_megastairs_2, serial_bayou_shore_b, serial_bayou_shore_b,
          infiniplex_staircase_pool_2, serial_bayou_shore_b, uniq_fannar
Lair:2:   layout_chaotic_city, minmay_shoals_entry_centaurs, basic_altar
Lair:3:   layout_regular_city, nicolae_spider_entry_tight_spaces,
          grunt_megastairs_3
Lair:4:   layout_cave_pods, eino_house_with_fridge, uniq_kirke
Lair:5:   hangedman_lair_caniforms_friends, layout_gridlike, wormcave,
          slime_entry_2, nicolae_volcano_entry_s_turn,
          portal_ice_cave_entry_imps, dreamdust_wasp_nest, uniq_nessos
Spider:1: layout_spider_delve, uniq_louise
Orc:1:    layout_caves, serial_shops, nicolae_shop_crystal
Orc:2:    st_orc_rangers, layout_caves, serial_shops, shop_fountains,
          basic_altar, kennysheep_orc_chapel, uniq_sonja

Notes
Turn   | Place    | Note
-------+----------+-------------------------------------------
     0 | D:1      | ntrailstourney the Demigod Ice Elementalist began the quest
                  | for the Orb.
     0 | D:1      | Reached XP level 1. HP: 14/14 MP: 5/5
     0 | D:1      | magus.rc [v1.11.3]
   466 | D:1      | Reached skill level 2 in Stealth
   474 | D:1      | Reached skill level 2 in Dodging
   474 | D:1      | Reached XP level 2. HP: 22/22 MP: 2/7
   589 | D:1      | You pick up a book of Sloth and begin reading...
   589 | D:1      | You add the spells Petrify, Metabolic Englaciation and
                  | Statue Form to your library.
   654 | D:1      | Reached skill level 2 in Spellcasting
  1073 | D:2      | Reached skill level 1 in Fighting
  1392 | D:2      | Found a runed translucent door.
  1393 | D:2      | Noticed Crazy Yiuf
  1565 | D:2      | HP: 2/23 [Crazy Yiuf/+4 quarterstaff of chaos (4)]
  1566 | D:2      | Killed Crazy Yiuf
  1567 | D:2      | Reached skill level 4 in Ice Magic
  1567 | D:2      | Reached XP level 3. HP: 3/28 MP: 5/9
  2037 | D:3      | Learned a level 3 spell: Frozen Ramparts
  2155 | D:3      | Identified the +3 leather armour of Refuge {Str+3}
  2222 | D:3      | Reached XP level 4. HP: 21/36 MP: 4/10
  2237 | D:3      | Learned a level 3 spell: Ozocubu's Armour
  2390 | D:3      | Reached skill level 1 in Armour
  2672 | D:3      | Reached skill level 2 in Fighting
  3173 | D:4      | Reached XP level 5. HP: 41/41 MP: 7/12
  3263 | D:4      | Reached skill level 2 in Armour
  3428 | D:4      | Reached skill level 3 in Spellcasting
  3566 | D:4      | Reached XP level 6. HP: 47/50 MP: 6/13
  3711 | D:4      | Found Yjilicoi's Self-Improvement Boutique.
  4191 | D:4      | Found a runed translucent gate.
  4191 | D:4      | Found a runed translucent gate.
  4192 | D:4      | Found a runed translucent gate.
  4195 | D:4      | Noticed mtsr's ghost (amateur DENe)
  4241 | D:4      | Reached skill level 5 in Ice Magic
  4374 | D:4      | Killed mtsr's ghost
  4375 | D:4      | Reached skill level 3 in Fighting
  4513 | D:5      | Entered Level 5 of the Dungeon
  4822 | D:5      | Reached XP level 7. HP: 57/57 MP: 5/15
  4945 | D:5      | Reached skill level 6 in Ice Magic
  4962 | D:5      | Reached skill level 4 in Spellcasting
  5259 | D:5      | Reached skill level 4 in Fighting
  5430 | D:5      | Noticed Pikel
  5439 | D:5      | Killed Pikel
  5440 | D:5      | Reached skill level 4 in Armour
  5440 | D:5      | Reached skill level 7 in Ice Magic
  5440 | D:5      | Reached XP level 8. HP: 60/66 MP: 8/17
  5449 | D:5      | You pick up a book of Displacement and begin reading...
  5449 | D:5      | You add the spells Lesser Beckoning, Gell's Gravitas and
                  | Teleport Other to your library.
  5455 | D:5      | Learned a level 4 spell: Hailstorm
  6319 | D:6      | Reached skill level 1 in Conjurations
  6515 | D:6      | Noticed Duvessa
  6525 | D:6      | Reached skill level 2 in Conjurations
  6544 | D:6      | Noticed Dowan
  6552 | D:6      | Killed Dowan
  6640 | D:6      | Killed Duvessa
  7281 | D:6      | Reached skill level 3 in Dodging
  7281 | D:6      | Reached skill level 3 in Conjurations
  7689 | D:6      | Upgraded the game from 0.29.0-4-gdea44cf6ec to
                  | 0.29.0-5-ge4962eb29e
  7689 | D:6      | magus.rc [v1.11.3]
  7715 | D:7      | Reached XP level 9. HP: 70/73 MP: 13/18
  7860 | D:7      | Reached skill level 5 in Fighting
  7860 | D:7      | Reached skill level 4 in Conjurations
  8184 | D:7      | You pick up a book of Lightning and begin reading...
  8184 | D:7      | You add the spells Static Discharge, Lightning Bolt and
                  | Maxwell's Capacitive Coupling to your library.
  8194 | D:7      | Found a staircase to the Ecumenical Temple.
  8398 | D:7      | Reached skill level 8 in Ice Magic
  8487 | D:7      | Reached skill level 5 in Conjurations
  8496 | D:7      | You add the spells Sting, Poisonous Vapours and Olgreb's
                  | Toxic Radiance to your library.
  8589 | D:7      | Noticed a manticore
  8598 | D:7      | Killed a manticore
  8599 | D:7      | Reached skill level 2 in Evocations
  8969 | D:8      | Reached skill level 6 in Fighting
  8969 | D:8      | Reached skill level 3 in Evocations
  9306 | D:8      | Reached skill level 4 in Evocations
  9312 | D:8      | Learned a level 5 spell: Lightning Bolt
  9456 | D:8      | Found a transporter.
  9462 | D:8      | Found a transporter.
  9477 | D:8      | You pick up a book of Party Tricks and begin reading...
  9477 | D:8      | You add the spells Apportation and Alistair's Intoxication
                  | to your library.
  9606 | D:8      | Reached skill level 1 in Air Magic
  9820 | D:8      | Noticed diceflayer's ghost (novice DsFi)
 10048 | D:8      | Killed diceflayer's ghost
 10049 | D:8      | Reached skill level 2 in Air Magic
 10049 | D:8      | Reached XP level 10. HP: 40/83 MP: 1/19
 10277 | D:9      | Found a runed translucent door.
 10329 | D:9      | Reached skill level 6 in Conjurations
 10329 | D:9      | Reached skill level 3 in Air Magic
 10464 | D:9      | Found a runed translucent door.
 10470 | D:9      | Found a flagged portal.
 10482 | Bailey   | Entered a bailey
 10705 | Bailey   | Identified the amulet "Sotupsa" {Acrobat Int+4}
 11166 | Bailey   | Reached skill level 4 in Air Magic
 11671 | D:9      | Reached skill level 7 in Conjurations
 11761 | D:9      | Found a runed translucent door.
 11773 | D:9      | Found a runed translucent door.
 11860 | D:9      | Reached skill level 5 in Air Magic
 12123 | D:9      | Noticed Joseph
 12141 | D:9      | Killed Joseph
 12394 | D:9      | Reached skill level 8 in Conjurations
 12396 | D:9      | Reached skill level 6 in Air Magic
 12513 | D:9      | Found a staircase to the Orcish Mines.
 12721 | D:9      | Identified a scroll of acquirement
 12745 | D:9      | Noticed an orange crystal statue
 12755 | D:9      | Learned a level 5 spell: Lightning Bolt
 12761 | D:9      | Noticed a two-headed ogre
 12762 | D:9      | Noticed a soul eater
 12947 | D:9      | HP: 7/83 [acid dragon/splash of acid[an orange crystal
                  | statue] (25)]
 12961 | D:9      | HP: 11/83 [wyvern[an orange crystal statue] (12)]
 12962 | D:9      | HP: 4/83 [wyvern[an orange crystal statue] (11)]
 13257 | D:10     | Entered Level 10 of the Dungeon
 13510 | D:10     | Identified the +10 halberd of Kumelou {spect, MP+9 Str+4
                  | Int+3}
 13524 | D:10     | Reached skill level 7 in Fighting
 13524 | D:10     | Reached XP level 11. HP: 86/92 MP: 18/20
 13977 | D:10     | Reached skill level 8 in Fighting
 14145 | D:10     | Reached skill level 7 in Air Magic
 14276 | D:10     | You add the spells Ensorcelled Hibernation, Yara's Violent
                  | Unravelling and Death Channel to your library.
 14276 | D:10     | Got the Discourse on Spellbinding Death
 14364 | D:10     | Found a staircase to the Lair.
 14370 | D:10     | You pick up a book of Frost and begin reading...
 14704 | D:11     | Reached skill level 8 in Air Magic
 14720 | D:11     | Reached skill level 9 in Fighting
 14743 | D:11     | HP: 24/99 [vampire/vampiric draining (16)]
 14749 | D:11     | HP: 14/99 [vampire/vampiric draining (11)]
 15044 | D:11     | Reached skill level 10 in Fighting
 15069 | D:11     | Identified the +0 leather armour of Tiotog {rPois rF+ Int-5
                  | Dex+3 Slay+3}
 15322 | D:11     | Reached skill level 9 in Conjurations
 15324 | D:11     | Reached XP level 12. HP: 66/106 MP: 7/21
 15583 | D:10     | magus.rc [v1.11.3]
 15584 | Lair:1   | Entered Level 1 of the Lair of Beasts
 15849 | Lair:1   | Reached skill level 9 in Air Magic
 15882 | Lair:1   | Reached skill level 4 in Dodging
 15887 | Lair:1   | Reached skill level 5 in Armour
 15891 | Lair:1   | Noticed Fannar
 15904 | Lair:1   | Killed Fannar
 15905 | Lair:1   | Reached skill level 5 in Dodging
 16446 | Lair:1   | Noticed a boulder beetle
 16474 | Lair:1   | Killed a boulder beetle
 16716 | Lair:1   | HP: 24/108 [poisoned by a cane toad]
 17038 | Lair:1   | Reached skill level 11 in Fighting
 17732 | Lair:2   | Reached skill level 5 in Spellcasting
 18048 | Lair:2   | Identified the +3 leather armour "Lexteg" {Drain rPois
                  | Will+ Int+2}
 18336 | Lair:2   | Found a staircase to the Shoals.
 18391 | Lair:2   | Noticed an eight-headed hydra
 18396 | Lair:2   | Killed an eight-headed hydra
 18808 | Lair:2   | magus.rc [v1.11.3]
 18813 | Lair:3   | Noticed an eight-headed hydra
 18819 | Lair:3   | Killed an eight-headed hydra
 18992 | Lair:3   | Reached XP level 13. HP: 107/116 MP: 24/24
 19004 | Lair:3   | Identified the +1 leather armour of Poanyiri {rC+ Int+2
                  | Dex-3}
 19048 | Lair:3   | You pick up a book of Spatial Translocations and begin
                  | reading...
 19048 | Lair:3   | You add the spells Blink and Manifold Assault to your
                  | library.
 19178 | Lair:3   | Identified the +1 rapier of Fedhas's Reproof {spect, rF+}
 19235 | Lair:3   | You are sucked into a shaft and drop 1 floor!
 19493 | Lair:3   | Found a hole to the Spider Nest.
 19542 | Lair:3   | Reached skill level 5 in Evocations
 20157 | Lair:4   | Reached skill level 6 in Armour
 20157 | Lair:4   | Reached skill level 6 in Dodging
 20432 | Lair:4   | You pick up a book of Unlife and begin reading...
 20432 | Lair:4   | You add the spells Animate Dead and Borgnjor's Vile Clutch
                  | to your library.
 20937 | D:4      | Bought a manual of Spellcasting for 800 gold pieces
 21870 | Lair:4   | Identified the +6 trident "Femaujem" {protect, Drain rC+
                  | Str+5}
 21870 | Lair:4   | Noticed Kirke
 21878 | Lair:4   | Killed Kirke
 22072 | Lair:4   | Reached skill level 10 in Conjurations
 22372 | Lair:4   | Reached skill level 1 in Necromancy
 22607 | Lair:4   | Reached skill level 1 in Earth Magic
 23078 | Lair:5   | Entered Level 5 of the Lair of Beasts
 23078 | Lair:5   | Noticed Nessos
 23206 | Lair:4   | Reached skill level 6 in Spellcasting
 23646 | Lair:5   | Reached skill level 2 in Necromancy
 23655 | Lair:5   | Found a frozen archway.
 23680 | Lair:5   | Reached skill level 2 in Earth Magic
 23684 | Lair:5   | Reached skill level 7 in Armour
 23936 | Lair:5   | You pick up a book of Vapours and begin reading...
 24074 | Lair:5   | Reached skill level 7 in Dodging
 24138 | Lair:5   | Killed Nessos
 24139 | Lair:5   | Reached XP level 14. HP: 49/124 MP: 1/28
 24413 | Lair:5   | Found a runed translucent door.
 24413 | Lair:5   | Noticed an azure jelly
 24413 | Lair:5   | Noticed an azure jelly
 24415 | Lair:5   | Found a staircase to the Slime Pits.
 24572 | Lair:5   | Reached skill level 3 in Necromancy
 24629 | Lair:5   | Reached skill level 7 in Spellcasting
 24632 | Lair:5   | Reached skill level 3 in Earth Magic
 24740 | Lair:5   | Reached skill level 10 in Air Magic
 25192 | Lair:5   | Reached skill level 4 in Necromancy
 25354 | Lair:5   | Reached skill level 4 in Earth Magic
 25356 | Lair:5   | Reached skill level 12 in Fighting
 25356 | Lair:5   | Reached skill level 8 in Spellcasting
 25636 | Lair:5   | Found a runed translucent door.
 25650 | Lair:5   | Reached skill level 9 in Spellcasting
 26499 | Orc:1    | Entered Level 1 of the Orcish Mines
 26968 | Orc:1    | Found Fehir's Antique Armour Boutique.
 27430 | Orc:1    | Learned a level 5 spell: Borgnjor's Vile Clutch
 27431 | Orc:2    | Entered Level 2 of the Orcish Mines
 27447 | Orc:1    | Reached skill level 10 in Spellcasting
 28165 | Orc:1    | magus.rc [v1.11.3]
 28680 | Orc:1    | You are sucked into a shaft and drop 1 floor!
 28694 | Orc:2    | Noticed Sonja
 28700 | Orc:2    | Killed Sonja
 28947 | Orc:2    | HP: 16/126 [orc warrior/+0 halberd (25)]
 29185 | Orc:2    | Reached skill level 5 in Earth Magic
 29467 | Orc:2    | Found a staircase to the Elven Halls.
 29763 | Orc:2    | Reached skill level 5 in Necromancy
 30188 | Orc:2    | Found Azatet's Assorted Antiques.
 30239 | Orc:2    | Found Itakeeso's Jewellery Shoppe.
 30240 | Orc:2    | Found Isuhuy's Antique Armour Boutique.
 30240 | Orc:2    | Found Otziugh's General Store.
 30243 | Orc:2    | Found Giph's Antique Armour Shop.
 30257 | Orc:2    | Bought a smoking hat for 297 gold pieces
 30257 | Orc:2    | Identified the +0 hat of Doomed Surprise {Rampage} (You
                  | bought it in a shop on level 2 of the Orcish Mines)
 30258 | Orc:2    | Bought a potion of heal wounds for 80 gold pieces
 30398 | Orc:2    | Bought a scroll of identify for 58 gold pieces
 30399 | Orc:2    | Acquired a book of Power
 30400 | Orc:2    | Acquired 838 gold pieces
 30401 | Orc:2    | You pick up a book of Power and begin reading...
 30401 | Orc:2    | You add the spells Iskenderun's Battlesphere, Iron Shot and
                  | Spellforged Servitor to your library.
 30430 | Orc:2    | Bought a polished scale mail for 315 gold pieces
 30430 | Orc:2    | Identified the +1 scale mail "Jucvemor" {Regen+ Str+4
                  | Slay-3} (You bought it in a shop on level 2 of the Orcish
                  | Mines)
 30437 | Orc:2    | Learned a level 6 spell: Iron Shot
 30608 | D:11     | Reached skill level 11 in Spellcasting
 30667 | D:11     | Identified the +6 morningstar of Qapelyumn {venom, *Corrode
                  | Dex+4}
 30859 | D:11     | Reached skill level 6 in Earth Magic
 31142 | D:11     | Found the +10 tower shield of Ignorance {rN+ Int-4}
 31148 | D:11     | Noticed Harold
 31150 | D:11     | Killed Harold
 31213 | D:11     | You add the spells Portal Projectile, Inner Flame and
                  | Anguish to your library.
 31213 | D:11     | Got Sif Muna's Essays on Intoxication and Jinxing
 31699 | D:12     | Reached skill level 7 in Earth Magic
 32080 | D:12     | Reached XP level 15. HP: 132/132 MP: 31/35
 33150 | D:12     | Learned a level 4 spell: Olgreb's Toxic Radiance
 33151 | D:13     | Noticed Rupert
 33151 | D:13     | Found a gate to the Vaults.
 33155 | D:13     | Reached skill level 1 in Poison Magic
 33160 | D:13     | Reached skill level 2 in Poison Magic
 33384 | D:13     | Reached skill level 3 in Poison Magic
 33396 | D:13     | Killed Rupert
 33407 | D:13     | Reached skill level 4 in Poison Magic
 33796 | D:13     | Reached skill level 5 in Poison Magic
 33930 | D:13     | Reached skill level 8 in Earth Magic
 34371 | D:13     | Reached skill level 6 in Necromancy
 35809 | D:15     | Entered Level 15 of the Dungeon
 36037 | D:15     | Reached skill level 9 in Earth Magic
 36273 | D:15     | Found a staircase to the Depths.
 36477 | D:15     | Noticed Josephine
 36796 | D:15     | Killed Josephine
 36813 | D:15     | Reached skill level 6 in Poison Magic
 36862 | D:15     | Reached skill level 10 in Earth Magic
 37221 | D:15     | Learned a level 2 spell: Blink
 37373 | Spider:1 | Entered Level 1 of the Spider Nest
 37379 | Spider:1 | HP: 33/132 [demonic crawler (9)]
 37380 | Spider:1 | HP: 12/132 [demonic crawler (7)]
 37380 | Spider:1 | HP: 2/132 [demonic crawler (6)]
 37380 | Spider:1 | Mangled by a jumping spider

Vanquished Creatures
  Rupert (D:13)
  Kirke (Lair:4)
  Nessos (Lair:5)
  An ettin (D:13)
  Josephine (D:15)
  Fannar (Lair:1)
  An ice dragon (Lair:5)
  6 hydras
  2 boulder beetles
  A rakshasa (D:14)
  Harold (D:11)
  2 catoblepae
  A jorogumo (Spider:1)
  3 centaur warriors
  A vampire mage (D:15)
  3 death yaks
  5 two-headed ogres
  2 tengu warriors (D:13)
  An orc high priest (Orc:2)
  Sonja (Orc:2)
  8 skeletal warriors
  A fire crab (Lair:5)
  A storm dragon zombie (D:15)
  The ghost of diceflayer the Cleaver, a novice DsFi (D:8)
  2 orange crystal statues
  Pikel (D:5)
  2 necromancers
  A lindwurm (Lair:5)
  A tengu zombie (D:15)
  7 orc knights
  A wolf spider (shapeshifter) (D:15)
  3 ugly things
  2 deep elf pyromancers
  An orc sorcerer (Orc:2)
  4 manticores
  6 cyclopes
  A frost giant skeleton (D:15)
  13 centaur zombies (D:11)
  Joseph (D:9)
  2 black mambas
  5 gargoyles
  15 elephants
  7 torpor snails
  2 unseen horrors
  12 cane toads
  5 rime drakes
  2 efreet
  5 kobold demonologists
  6 komodo dragons
  2 tengu conjurers
  A yaktaur (D:10)
  A troll (shapeshifter) (D:15)
  3 meliai (D:15)
  10 trolls
  4 tyrant leeches (Lair:5)
  15 polar bears
  13 hornets
  4 raiju (Lair:5)
  3 meliai zombies (D:11)
  A spriggan zombie (D:15)
  14 blink frogs
  4 slime creatures (D:13)
  2 jumping spiders (Lair:3)
  2 culicivoras (Lair:3)
  6 shadows (D:11)
  A centaur simulacrum (D:12)
  The ghost of mtsr the Grave Robber, an amateur DENe of Yredelemnul (D:4)
  13 wraiths
  3 wyverns
  53 yaks
  5 vampires (D:11)
  A hog (shapeshifter) (D:13)
  2 steam dragons
  4 basilisks
  16 humans (D:13)
  4 redbacks (Lair:3)
  6 vampire mosquitoes
  10 wargs
  3 acid dragons
  14 water moccasins
  13 hell hounds (Lair:5)
  Duvessa (D:6)
  An ice beast (D:5)
  44 orc warriors
  3 sky beasts (D:7)
  12 black bears
  25 wolves
  9 ogres
  21 centaurs
  3 lemures (D:5)
  2 phantoms
  2 kobold brigands
  14 bullfrogs
  2 gnoll sergeants
  2 necrophages
  5 scorpions
  7 earth elementals (D:12)
  Dowan (D:6)
  17 killer bees
  5 howler monkeys
  2 electric eels
  3 lava snakes (Lair:1)
  2 jellies
  A gnoll bouda (D:4)
  9 orc priests
  Crazy Yiuf (D:2)
  2 boggart zombies (D:11)
  4 iguanas
  19 orc wizards
  2 yak simulacra (Lair:4)
  4 polar bear simulacra (Lair:4)
  2 wolf simulacra (Lair:4)
  13 gnolls
  10 adders
  12 white imps (Lair:5)
  A worm (D:3)
  A dart slug (D:3)
  93 orcs
  8 endoplasms
  4 giant cockroaches
  11 goblins
  10 hobgoblins
  8 jackals
  3 quokkas (D:5)
  6 ball pythons
  3 bats
  5 frilled lizards
  23 kobolds
  5 rats
  3 river rat simulacra (Lair:4)
834 creatures vanquished.

Vanquished Creatures (others)
  A human (Lair:4)
  An orc (Orc:2)
  45 fungi
  177 plants
  11 withered plants
235 creatures vanquished.

Grand Total: 1069 creatures vanquished

Table legend:
 A = Non-vault XP
 B = Vault XP
 C = Vault XP percentage of total XP
 D = Non-vault monster count
 E = Vault monster count
 F = Vault count percentage of total count
                 A         B        C        D         E       F
            +---------+---------+-------+---------+---------+-------
      Total |   87057 |   76736 |  46.8 |     498 |     333 |  40.1
            +---------+---------+-------+---------+---------+-------
        D:1 |      22 |       2 |   8.3 |      14 |       1 |   6.7
        D:2 |      21 |      39 |  65.0 |       8 |       1 |  11.1
        D:3 |     125 |       0 |   0.0 |      30 |       0 |   0.0
        D:4 |     365 |     218 |  37.4 |      23 |       1 |   4.2
        D:5 |     615 |     687 |  52.8 |      14 |       8 |  36.4
        D:6 |     657 |     407 |  38.3 |       9 |       4 |  30.8
        D:7 |    1508 |     124 |   7.6 |      19 |       1 |   5.0
        D:8 |     973 |    1133 |  53.8 |      15 |       7 |  31.8
        D:9 |    4347 |    1607 |  27.0 |      42 |      15 |  26.3
       D:10 |    3378 |    1612 |  32.3 |      27 |       4 |  12.9
       D:11 |    4366 |   13259 |  75.2 |      16 |      38 |  70.4
       D:12 |    7101 |    2871 |  28.8 |      24 |      12 |  33.3
       D:13 |    6619 |    9887 |  59.9 |      16 |      25 |  61.0
       D:14 |    3498 |       0 |   0.0 |       8 |       0 |   0.0
       D:15 |    9565 |    7021 |  42.3 |      19 |      14 |  42.4
     Lair:1 |    5776 |    4560 |  44.1 |      30 |      12 |  28.6
     Lair:2 |    5835 |     338 |   5.5 |      17 |       3 |  15.0
     Lair:3 |    2283 |    3033 |  57.1 |      10 |      11 |  52.4
     Lair:4 |   11998 |    2642 |  18.0 |      35 |      14 |  28.6
     Lair:5 |   10935 |   19914 |  64.6 |      39 |      91 |  70.0
   Spider:1 |     847 |       0 |   0.0 |       1 |       0 |   0.0
      Orc:1 |    1641 |       0 |   0.0 |      27 |       0 |   0.0
      Orc:2 |    4582 |    6530 |  58.8 |      55 |      45 |  45.0
     Bailey |       0 |     852 | 100.0 |       0 |      26 | 100.0
            +---------+---------+-------+---------+---------+-------

Illustrated notes

Table legend:
 A = Kills in this place as a percentage of kills in entire the game.
 B = Kills by you in this place as a percentage of kills by you in the entire game.
 C = Kills by friends in this place as a percentage of kills by friends in the entire game.
 D = Other kills in this place as a percentage of other kills in the entire game.
 E = Experience gained in this place as a percentage of experience gained in the entire game.
 F = Experience gained in this place divided by the number of levels of this place that you have seen.
                   A       B       C       D       E      F
               +-------+-------+-------+-------+-------+----------------------
         Total | 100.0 | 100.0 |   N/A |   N/A | 100.0 | 6824.7
       Dungeon |  49.9 |  49.9 |   N/A |   N/A |  50.1 | 5468.5
          Lair |  31.5 |  31.5 |   N/A |   N/A |  41.1 | 13462.8
   Spider Nest |   0.1 |   0.1 |   N/A |   N/A |   0.5 | 847.0
  Orcish Mines |  15.3 |  15.3 |   N/A |   N/A |   7.8 | 6376.5
        Bailey |   3.1 |   3.1 |   N/A |   N/A |   0.5 | 852.0
               +-------+-------+-------+-------+-------+----------------------

Table legend: (Time is in decaauts)
 A = Elapsed time spent in this place.
 B = Non-inter-level travel time spent in this place.
 C = Inter-level travel time spent in this place.
 D = Time resting spent in this place.
 E = Time spent auto-exploring this place.
 F = Levels seen in this place.
 G = Mean time per level.
                   A        B        C        D        E       F      G
               +--------+--------+--------+--------+--------+-----+--------+
         Total |  37774 |  35157 |   2617 |  12882 |  16823 |  24 | 1573.9 |
       Dungeon |  22630 |  20968 |   1662 |   6321 |  11524 |  15 | 1508.7 |
          Lair |  10468 |   9707 |    761 |   3906 |   4264 |   5 | 2093.6 |
   Spider Nest |      8 |      8 |      0 |      0 |      0 |   1 |    8.0 |
  Orcish Mines |   3599 |   3406 |    193 |   2136 |    763 |   2 | 1799.5 |
        Bailey |   1068 |   1068 |      0 |    518 |    271 |   1 | 1068.0 |
               +--------+--------+--------+--------+--------+-----+--------+

Top non-repeatable levels by time:
  Lair:5: 2814 daAuts
  Lair:1: 2538 daAuts
  Lair:4: 2493 daAuts
     D:9: 2447 daAuts
    D:11: 2102 daAuts
   Orc:2: 1856 daAuts
     D:5: 1764 daAuts
   Orc:1: 1743 daAuts
     D:8: 1728 daAuts
    D:10: 1612 daAuts
     D:6: 1539 daAuts
    D:13: 1537 daAuts
    D:12: 1470 daAuts
  Lair:2: 1428 daAuts
     D:4: 1405 daAuts
